 Dungeon Crawl Stone Soup version 0.27.1-33-g824d729ab1 (webtiles) character file.

Game seed: 4920886545250375051

1714 Descartes the Nimble (level 8, -11/33 HPs)
             Began as a Felid Warper on Nov 24, 2021.
             Was an Initiate of Gozag.
             Killed by the air
             ... invoked by Gastronok
              (24 damage)
             ... on level 8 of the Dungeon.
             The game lasted 00:14:02 (6777 turns).

Descartes the Nimble (Felid Warper)                 Turns: 6777, Time: 00:14:03

Health: -11/33     AC:  8    Str:  9    XL:     8   Next: 74%
Magic:  12/12      EV: 26    Int: 14    God:    Gozag
Gold:   321        SH:  0    Dex: 18    Spells: 1/11 levels left
                                        Lives:  0   Deaths: 2

rFire    . . .     SeeInvis +     - Unarmed
rCold    . . .     Faith    .   (shield unavailable)
rNeg     . . .     Spirit   .   (armour unavailable)
rPois    .         Reflect  .   (helmet unavailable)
rElec    .         Harm     .   (cloak unavailable)
rCorr    .         Rampage  .   (gloves unavailable)
Will     +....                  (boots unavailable)
Stlth    ++........             e - amulet of regeneration
HPRegen  1.11/turn              c - +4 ring of protection
MPRegen  0.13/turn              (no ring)

@: slowed, slow
A: very small, claws 1, fangs 3, see invisible, speed 1, shaggy fur 2, stealthy
paws, no weapons or thrown items, no armour, multi-lived, iridescent scales 1,
agile 1
a: Renounce Religion, Potion Petition, Call Merchant, Bribe Branch


You were on level 8 of the Dungeon.
You worshipped Gozag.
Gozag was aware of your devotion.
You visited 2 branches of the dungeon, and saw 9 of its levels.

You collected 393 gold pieces.
You paid 72 gold pieces to Gozag.

Inventory:

Missiles
 b - 236 stones
Jewellery
 c - a +4 ring of protection (left paw)
 e - an amulet of regeneration (around neck)
 j - a ring of protection from cold
 v - a ring of wizardry
 A - a +6 ring of strength
Wands
 f - a wand of polymorph (18)
 q - a wand of flame (2)
 t - a wand of iceblast (1)
Scrolls
 a - a scroll of blinking
 g - a scroll of immolation {unknown}
 h - 3 scrolls of identify {unknown}
 i - 2 scrolls of teleportation {unknown}
 n - 3 scrolls of amnesia {unknown}
 o - a scroll of holy word {unknown}
 p - a scroll of fog {unknown}
 x - a scroll of enchant armour {unknown}
 y - a scroll of noise {unknown}
Potions
 d - a potion of might {unknown}
 k - a potion of cancellation {unknown}
 l - a potion of berserk rage {unknown}
 m - 2 potions of mutation
 r - a potion of haste {unknown}
 s - a potion of lignification {unknown}
 u - a potion of curing
 w - a potion of ambrosia {unknown}


   Skills:
 - Level 2.0 Fighting
 - Level 12.0 Dodging
 + Level 7.5 Unarmed Combat
 - Level 2.0 Spellcasting
 + Level 8.9 Translocations
 + Level 3.6 Evocations


You had one spell level left.
You knew the following spells:

 Your Spells              Type           Power      Damage    Failure   Level
a - Blink                 Tloc           N/A        N/A       1%          2
b - Manifold Assault      Tloc           26%        N/A       17%         5
c - Teleport Other        Tloc           26%        N/A       1%          3

Your spell library contained the following spells:

 Spells                   Type           Power      Damage    Failure   Level
 Gell's Gravitas          Tloc           13%        N/A       1%          3
 Lesser Beckoning         Tloc           13%        N/A       1%          3
 Slow                     Hex            1%         N/A       34%         2
 Confusing Touch          Hex            1%         N/A       56%         3
 Vampiric Draining        Necr           0%         2d6       56%         3


Dungeon Overview and Level Annotations

Branches:
Dungeon (8/15)             Temple (1/1) D:7
   Lair: D:8-11

Altars:
Ashenzari
Cheibriados
Dithmenos
Elyvilon
Fedhas
Gozag
Hepliaklqana
Kikubaaqudgha
Makhleb
Nemelex Xobeh
Okawaru
Qazlal
Ru
Sif Muna
Trog
Uskayaw
Vehumet
Wu Jian
Xom
Yredelemnul
Zin
The Shining One

Shops:
D:5 !   D:6 *

Annotations:
D:8 Gastronok


Innate Abilities, Weirdness & Mutations

You have sharp claws.
You have razor-sharp teeth.
You have supernaturally acute eyesight. (SInv)
You cover ground quickly. (Speed+)
You are covered in thick fur. (AC +2)
Your paws help you pounce on unaware monsters.
You are incapable of wielding weapons or throwing items.
You cannot wear armour.
You gain extra lives every three experience levels.
You are partially covered in iridescent scales. (AC +2)
You are agile. (Dex +2)


Message History

You closely miss the hornet.
The hornet is severely wounded.
The hornet misses you.
You closely miss the hornet.
The hornet is severely wounded.
The hornet stings you!
You feel yourself slow down. The hornet barely misses you.
You feel yourself speed up. The hornet misses you.
You claw the hornet!
You kill the hornet!
Aiming: Iceblast
Press: ? - help, Shift-Dir - straight line, f - Gastronok
Aim: Gastronok, wearing a +1 hat (lightly wounded, covering ground quickly)
The mass of ice explodes!
The iceblast engulfs Gastronok!
Gastronok is lightly wounded.
You hear a shout!
Gastronok casts a spell at you.
You feel yourself slow down.
You see here 3 gold pieces.
You scratch Gastronok.
Gastronok is moderately wounded.
Gastronok barely misses you.
You scratch Gastronok.
Gastronok is moderately wounded.
Gastronok bites you!!
Ouch! That really hurt!
* * * LOW HITPOINT WARNING * * *
You claw Gastronok! You bite Gastronok, but do no damage.
Gastronok is moderately wounded.
You scratch Gastronok but do no damage. You bite Gastronok, but do no damage.
Gastronok is moderately wounded.
Gastronok completely misses you.
You completely miss Gastronok.
Gastronok is moderately wounded.
Gastronok waves his eye-stalks in wide circles.
The air twists around and strikes you!!
Ouch! That really hurt!
You die...
Your body crumbles into a pile of gold.

... #.....) .$.
#.....) #.# #.##
#...... ... #..##
##..... ###.###...##
##....
#8...8#....#####..##
###.###......##..###
#8.w.8#.......#..#
###@###..........#
#8...8#..........#
###.###..........#
#.............##
#.............#
#..............#
#............#..#
#..<.......#####.#
######.##### #.


You could see Gastronok (swift).

Vanquished Creatures
  Erica (D:8)
  Maggie (D:6)
  A hornet (D:8)
  Eustachio (D:4)
  Edmund (D:6)
  Duvessa (D:4)
  2 ice beasts
  A black bear (D:7)
  An ogre (D:4)
  A kobold brigand (D:7)
  2 scorpions
  A water moccasin skeleton (D:4)
  Dowan (D:4)
  4 howler monkeys
  2 centaur zombies
  2 hounds
  A centaur skeleton (D:2)
  An orc priest (D:4)
  2 bullfrog skeletons (D:6)
  An iguana (D:5)
  A scorpion zombie (D:5)
  4 orc wizards
  A hound skeleton (D:5)
  Robin (D:3)
  2 howler monkey zombies
  5 adders
  3 gnolls
  2 shadow imps
  2 white imps
  2 adder skeletons (D:4)
  4 worms
  5 dart slugs
  25 orcs
  10 bats
  4 endoplasms
  3 giant cockroaches
  9 goblins
  2 hobgoblins (D:1)
  12 kobolds
  6 quokkas
  6 ball pythons
  2 frilled lizards
  9 rats
  A butterfly (D:7)
149 creatures vanquished.

Vanquished Creatures (others)
  A fungus (D:8)
  2 plants (D:8)
3 creatures vanquished.

Grand Total: 152 creatures vanquished

Notes
Turn   | Place    | Note
-------+----------+-------------------------------------------
     0 | D:1      | Descartes the Felid Warper began the quest for the Orb.
     0 | D:1      | Reached XP level 1. HP: 9/9 MP: 4/4
   360 | D:1      | Found a faded altar of an unknown god.
   398 | D:1      | Reached XP level 2. HP: 13/13 MP: 6/6
   433 | D:1      | Reached skill level 4 in Dodging
  1002 | D:2      | Reached XP level 3. HP: 16/16 MP: 7/7
  1026 | D:2      | Reached skill level 5 in Dodging
  1137 | D:2      | Reached XP level 4. HP: 19/19 MP: 8/8
  1872 | D:3      | Reached skill level 6 in Dodging
  2010 | D:3      | Reached XP level 5. HP: 22/22 MP: 9/9
  2129 | D:3      | Noticed Robin
  2141 | D:3      | Killed Robin
  2547 | D:3      | Learned a level 2 spell: Blink
  2947 | D:3      | Reached skill level 7 in Dodging
  2961 | D:4      | Noticed an ogre
  3108 | D:4      | Noticed Duvessa
  3108 | D:4      | Noticed Dowan
  3233 | D:4      | Gained mutation: You are agile. (Dex +2) [potion of
                  | mutation]
  3233 | D:4      | Gained mutation: You are partially covered in iridescent
                  | scales. (AC +2) [potion of mutation]
  3243 | D:4      | Gained mutation: You are covered in thick fur. (AC +2)
                  | [Felid growth]
  3243 | D:4      | Reached XP level 6. HP: 20/26 MP: 10/10
  3465 | D:4      | Reached skill level 8 in Dodging
  3575 | D:4      | Noticed Eustachio
  3667 | D:4      | Killed Eustachio
  3668 | D:4      | Reached XP level 7. HP: 28/30 MP: 11/11
  3698 | D:4      | Killed Dowan
  3699 | D:4      | Reached skill level 9 in Dodging
  3709 | D:4      | Reached skill level 5 in Unarmed Combat
  3758 | D:4      | Killed Duvessa
  3820 | D:4      | Learned a level 5 spell: Manifold Assault
  3824 | D:4      | Learned a level 3 spell: Teleport Other
  3994 | D:5      | Entered Level 5 of the Dungeon
  4006 | D:5      | Reached skill level 10 in Dodging
  4035 | D:5      | Found a glowing golden altar of the Shining One.
  4146 | D:5      | Reached skill level 5 in Translocations
  4159 | D:5      | Reached XP level 8. HP: 33/33 MP: 12/12
  4560 | D:5      | Found Milel's Distillery.
  4695 | D:6      | Noticed Maggie
  4695 | D:6      | Found Itonk's General Store.
  4791 | D:6      | Killed from afar by Maggie
  4792 | D:6      | Reached XP level 7. HP: 0/30 MP: 11/11
  4972 | D:6      | Killed Maggie
  4973 | D:6      | Reached skill level 11 in Dodging
  5040 | D:5      | Reached XP level 8. HP: 33/33 MP: 12/12
  5343 | D:6      | Noticed Edmund
  5373 | D:6      | Killed Edmund
  5723 | D:7      | Found a staircase to the Ecumenical Temple.
  5736 | Temple   | Entered the Ecumenical Temple
  5812 | Temple   | Became a worshipper of Gozag Ym Sagoz the Greedy
  5948 | D:7      | Reached skill level 12 in Dodging
  6640 | D:8      | Noticed Erica
  6658 | D:8      | Killed from afar by Erica
  6659 | D:8      | Reached XP level 7. HP: -9/30 MP: 11/11
  6683 | D:8      | Killed Erica
  6684 | D:8      | Reached XP level 8. HP: 33/33 MP: 12/12
  6755 | D:8      | Noticed Gastronok
  6758 | D:8      | Noticed a hornet
  6770 | D:8      | Killed a hornet
  6777 | D:8      | Killed from afar by Gastronok

Illustrated notes

Levels and vault maps discovered:
D:1:      shiori_arrival_maze, layout_loops_ring,
          shapermc_ecumenical_altar_pompeii, minmay_misc_feat_room,
          corexii_item_surrounded_by_moat
D:2:      layout_loops_corners, minmay_tetromino_o2
D:3:      layout_basic, st_stairs_8, corexii_item_surrounded_by_moat,
          grunt_decor_arrowhead, chequers_serial_rivers_micro_c, uniq_robin
D:4:      layout_loops_ring, uniq_eustachio, uniq_duvessa
D:5:      layout_loops_ring, mainiacjoe_overflow_paths, serial_shops,
          nicolae_square_shop
D:6:      layout_cave_pods, serial_shops, nicolae_stop_n_shop_2, uniq_edmund,
          uniq_maggie
D:7:      layout_loops_ring, minmay_temple_entry_butterflies
D:8:      layout_cave_pods, grunt_lair_entry_orc_guard_hut,
          minmay_misc_feat_hallway, uniq_maurice, uniq_gastronok, uniq_erica
Temple:   grunt_wide_crystal_templ

Skill      XL: |  1  2  3  4  5  6  7  8 |
---------------+-------------------------+-----
Dodging        | 4 5 6 7 8 11 12 | 12.0
Unarmed Combat | 3 4 7 6 |  7.5
Translocations | 8 7 |  8.9
Evocations     | 3 |  3.6
Fighting       | |  2.0
Spellcasting   | |  2.0

Action                   |  1- 3 |  4- 6 |  7- 9 || total
-------------------------+-------+-------+-------++-------
Melee: Unarmed           |   109 |   397 |   425 ||   931
       Bite              |     8 |    40 |    54 ||   102
       Punch             |       |     8 |    12 ||    20
 Cast: Blink             |       |     8 |       ||     8
Evoke: Wand              |       |       |     7 ||     7
  Use: Potion            |       |     2 |     3 ||     5
 Stab: Sleeping          |     5 |     3 |     2 ||    10
       Distracted        |       |       |     1 ||     1
Armor: Skin              |    17 |    79 |    43 ||   139
Dodge: Dodged            |   100 |   525 |   383 ||  1008
